 Dungeon Crawl Stone Soup version 0.29.1-1-gd02db6906a (webtiles) character file.

Game seed: 4602775485725256400

880 Zeld the Shooter (level 8, -5/120 HPs)
             Began as an Ogre Hunter on Oct 7, 2022.
             Was an Initiate of the Shining One.
             Slain by a gnoll
             ... wielding a +0 halberd
             ... led by a gnoll sergeant
              (7 damage)
             ... on level 5 of the Dungeon.
             The game lasted 00:04:21 (5791 turns).

Zeld the Shooter (Ogre Hunter)                      Turns: 5791, Time: 00:04:21

Health: -5/120     AC:  3    Str: 16    XL:     8   Next: 5%
Magic:  0/8        EV: 10    Int: 10    God:    the Shining One [......]
Gold:   30         SH:  0    Dex: 14    Spells: 7/7 levels left

rFire   . . .      SeeInvis .   b - +2 dagger (venom)
rCold   . . .      Faith    .   (no shield)
rNeg    . . .      Spirit   +   c - +0 robe
rPois   .          Reflect  .   (helmet restricted)
rElec   .          Harm     .   (no cloak)
rCorr   .          Rampage  .   (gloves unavailable)
Will    .....                   (boots unavailable)
Stlth   ..........              h - amulet of guardian spirit
HPRegen 0.30/turn               (no ring)
MPRegen 0.11/turn               (no ring)

@: berserking, glowing, very quick
A: large, unfitting armour, tough skin 1
a: Renounce Religion


You were on level 5 of the Dungeon.
You worshipped the Shining One.
The Shining One was noncommittal.
You visited 1 branch of the dungeon, and saw 5 of its levels.

You collected 108 gold pieces.
You spent 78 gold pieces at shops.

Inventory:

Hand Weapons
 a - a +0 shortbow
 b - a +2 dagger of venom (weapon)
Missiles
 u - 3 javelins
Armour
 c - a +0 robe (worn)
Jewellery
 h - an amulet of guardian spirit (around neck)
Scrolls
 d - a scroll of vulnerability {unknown}
 e - a scroll of blinking {unknown}
 f - a scroll of acquirement {unknown}
 i - 3 scrolls of identify {unknown}
 j - 3 scrolls of amnesia {unknown}
 k - 2 scrolls of enchant weapon {unknown}
 o - 2 scrolls of immolation
 p - a scroll of poison {unknown}
 r - 5 scrolls of butterflies {unknown}
 t - 2 scrolls of teleportation {unknown}
Potions
 g - a potion of flight {unknown}
 l - a potion of berserk rage
 m - a potion of lignification {unknown}
 n - 2 potions of curing {unknown}
 q - a potion of ambrosia {unknown}
 s - a potion of haste {unknown}
 v - a potion of might {unknown}


   Skills:
 + Level 5.0 Fighting
 + Level 1.5 Short Blades
 * Level 6.4 Ranged Weapons
 + Level 2.3 Dodging
 + Level 1.8 Stealth
 + Level 0.1 Evocations


You had 7 spell levels left.
You didn't know any spells.
Your spell library was empty.

Dungeon Overview and Level Annotations

Branches:
Dungeon (5/15)
 Temple: D:4-7

Altars:
Cheibriados
Fedhas
Kikubaaqudgha
Nemelex Xobeh
Okawaru
Ru
Sif Muna
Trog
Xom
Zin
The Shining One

Shops:
D:4 *   D:5 !

Annotations:
D:4 1 runed translucent door, jamesp's ghost, amateur OpTm


Innate Abilities, Weirdness & Mutations

You are too large for most types of armour.
You have tough skin. (AC +1)


Message History

The water moccasin bites you. The water moccasin barely misses you.
The water moccasin attacks as you move away!
The water moccasin barely misses you. The gnoll sergeant closely misses you.
The water moccasin bites you.
The water moccasin attacks as you move away!
The water moccasin barely misses you. The gnoll sergeant barely misses you.
The water moccasin attacks as you move away!
The water moccasin barely misses you. The gnoll hits you with a +0 halberd!
The gnoll sergeant barely misses you.
You hit the gnoll.
The gnoll is poisoned.
The gnoll is lightly wounded.
The water moccasin bites you.
* * * LOW HITPOINT WARNING * * *
The gnoll barely misses you.
The gnoll sergeant hits you from afar with a +0 trident!
* * * LOW HITPOINT WARNING * * *
The water moccasin closely misses you.
Okay, then.
The water moccasin bites you!
* * * LOW HITPOINT WARNING * * *
The gnoll hits you from afar with a +0 spear.
* * * LOW HITPOINT WARNING * * *
The hound closely misses you. The hound attacks as you move away!
The hound closely misses you. The gnoll attacks as you move away!
The gnoll closely misses you.
The gnoll hits you from afar with a +0 halberd.
* * * LOW HITPOINT WARNING * * *
The water moccasin misses you.
There is an open door here.
Unknown command.
It was a potion of berserk rage.
A red film seems to cover your vision as you go berserk!
You feel yourself moving faster!
You feel mighty!
The water moccasin bites you but does no damage.
The gnoll barely misses you. x2
You closely miss the water moccasin.
The water moccasin is almost dead.
The water moccasin barely misses you. The gnoll closely misses you.
The gnoll hits you from afar with a +0 halberd!
You die...

..#...... #.......#
g.......########
..g............#####
#.....# #........####
###...###.##...#.##..
#.......##.#.#.....
#.......##.#.#.....
##@#.#.###.........
####S#.#.###.##......
#..ghg.#...).........
#.##g###.###.........
#.##.# #..##.#.......
#h##.# #..##.........
#....# #.......#..###
###### ##.>....#.....
#####..#<#...


You could see a water moccasin, a gnoll sergeant, a hound and 2 gnolls.

Vanquished Creatures
  Pikel (D:4)
  A black bear (D:5)
  2 lemures (D:4)
  A bullfrog (D:4)
  An orc priest (D:4)
  An iguana (D:4)
  2 orc wizards (D:3)
  7 gnolls
  4 adders
  A shadow imp (D:5)
  An ufetubus (D:4)
  2 worms (D:2)
  2 dart slugs (D:4)
  3 orcs
  7 endoplasms
  3 giant cockroaches
  5 goblins
  9 hobgoblins
  6 jackals
  2 quokkas
  8 ball pythons
  5 bats
  4 frilled lizards
  3 kobolds
  3 rats
84 creatures vanquished.

Notes
Turn   | Place    | Note
-------+----------+-------------------------------------------
     0 | D:1      | Zeld the Ogre Hunter began the quest for the Orb.
     0 | D:1      | Reached XP level 1. HP: 22/22 MP: 1/1
    34 | D:1      | Reached skill level 3 in Ranged Weapons
    75 | D:1      | Reached XP level 2. HP: 29/29 MP: 2/2
   296 | D:2      | Reached XP level 3. HP: 20/36 MP: 3/3
  1450 | D:3      | Found an iron altar of Okawaru.
  1450 | D:3      | Found a bloodstained altar of Trog.
  1549 | D:4      | Reached skill level 4 in Ranged Weapons
  1625 | D:4      | Reached XP level 4. HP: 31/44 MP: 2/4
  2506 | D:1      | Found a faded altar of an unknown god.
  3150 | D:3      | Reached XP level 5. HP: 53/53 MP: 5/5
  3548 | D:4      | Reached XP level 6. HP: 60/62 MP: 6/6
  3641 | D:4      | Found Ziqyreg's Assorted Antiques.
  3655 | D:4      | Reached skill level 5 in Ranged Weapons
  3675 | D:4      | Reached skill level 1 in Stealth
  4061 | D:4      | Noticed Pikel
  4113 | D:4      | Killed Pikel
  4114 | D:4      | Reached skill level 1 in Short Blades
  4114 | D:4      | Reached skill level 6 in Ranged Weapons
  4114 | D:4      | Reached XP level 7. HP: 29/71 MP: 3/7
  4423 | D:4      | Found a runed translucent door.
  4514 | D:4      | Found a glowing silver altar of Zin.
  4515 | D:4      | Found a blossoming altar of Fedhas.
  4516 | D:4      | Found an ancient bone altar of Kikubaaqudgha.
  4520 | D:4      | Found a shimmering blue altar of Sif Muna.
  4520 | D:4      | Found a shimmering altar of Xom.
  4520 | D:4      | Found a snail-covered altar of Cheibriados.
  4520 | D:4      | Found a sacrificial altar of Ru.
  4522 | D:4      | Found a sparkling altar of Nemelex Xobeh.
  4523 | D:4      | Found a glowing golden altar of the Shining One.
  4527 | D:4      | Became a worshipper of the Shining One
  4648 | D:4      | Bought a scroll labelled GEHUZUQOT BAVA for 26 gold pieces
  4648 | D:4      | Bought a scroll labelled JASUBITUOKH for 26 gold pieces
  4648 | D:4      | Bought a scroll labelled JASUBITUOKH for 26 gold pieces
  4756 | D:4      | Noticed jamesp's ghost (amateur OpTm)
  4800 | D:5      | Entered Level 5 of the Dungeon
  4800 | D:5      | Found Neplok Mebee's Distillery.
  4825 | D:5      | Reached XP level 8. HP: 41/79 MP: 2/8
  5497 | D:5      | Reached skill level 5 in Fighting
  5788 | D:5      | HP: 1/80 [gnoll/+0 spear[a gnoll sergeant] (4)]
  5791 | D:5      | Slain by a gnoll

Illustrated notes

Levels and vault maps discovered:
D:1:      heliophobic_arrival_ceremonial_halls, layout_loops_ring,
          shapermc_ecumenical_altar_notcrosses
D:2:      layout_loops_ring, kennysheep_pointless_box
D:3:      layout_basic, grunt_temple_overflow_bloody_war
D:4:      layout_loops_cross, minitemple, ebering_ghost_sewer_d,
          nicolae_inconvenience_store, uniq_pikel
D:5:      layout_basic, dancing_weapons_uskayaw, kennysheep_cross_bottleneck,
          nicolae_take_the_stairs, uniq_menkaure, uniq_crazy_yiuf_cottage,
          uniq_sigmund

Skill      XL: |  1  2  3  4  5  6  7  8 |
---------------+-------------------------+-----
Ranged Weapons | 3 4 6 |  6.4
Dodging        | 2 |  2.3
Fighting       | 3 4 5 |  5.0
Stealth        | 1 |  1.8
Short Blades   | 1 |  1.5
Evocations     | |  0.1

Action                   |  1- 3 |  4- 6 |  7- 9 || total
-------------------------+-------+-------+-------++-------
Melee: Dagger            |       |    51 |    27 ||    78
       Punch             |       |     1 |       ||     1
 Fire: Shortbow          |   115 |    93 |    21 ||   229
Evoke: Wand              |       |     2 |       ||     2
  Use: Potion            |       |       |     1 ||     1
 Stab: Sleeping          |       |     1 |       ||     1
       Paralysed         |       |     5 |       ||     5
Armor: Robe              |    28 |    11 |    11 ||    50
Dodge: Dodged            |    59 |    28 |    37 ||   124
